 Dungeon Crawl Stone Soup version 0.26-a0-466-g989023bd0d (webtiles) character file.

Game seed: 6377400451879063449

79 Gurkenglas the Magician (level 4, -3/30 HPs)
             Began as a Human Hedge Wizard on July 30, 2020.
             Shot with an arrow by a centaur (13 damage)
             ... on level 4 of the Dungeon.
             The game lasted 00:24:33 (4404 turns).

Gurkenglas the Magician (Human Hedge Wizard)        Turns: 4404, Time: 00:24:33

Health: -3/30      AC:  2    Str: 10    XL:     4   Next: 64%
Magic:  8/10       EV: 13    Int: 15    God:
Gold:   174        SH:  0    Dex: 13    Spells: 3/11 levels left

rFire    . . .     SeeInvis .   a - +0 dagger
rCold    . . .     Faith    .   (no shield)
rNeg     . . .     Spirit   .   b - +0 robe
rPois    .         Reflect  .   c - +0 hat
rElec    .         Harm     .   (no cloak)
rCorr    .                      (no gloves)
MR       .....                  (no boots)
Stlth    ++........             (no amulet)
HPRegen  0.10/turn              (no ring)
MPRegen  0.12/turn              (no ring)

@: no status effects
A: no striking features
a: no special abilities


You were on level 4 of the Dungeon.
You visited 1 branch of the dungeon, and saw 4 of its levels.
You also visited: Sewer.

You collected 174 gold pieces.

Inventory:

Hand Weapons
 a - a +0 dagger (weapon)
 i - a +1 antimagic spear
Armour
 b - a +0 robe (worn)
 c - a +0 hat (worn)
Scrolls
 d - a scroll of immolation {unknown}
 f - a scroll of enchant weapon {unknown}
 g - 7 scrolls of identify {unknown}
 j - 3 scrolls of remove curse {unknown}
 k - 2 scrolls of fog {unknown}
 p - a scroll of blinking {unknown}
Potions
 e - a potion of brilliance {unknown}
 h - a potion of flight {unknown}
 l - 2 potions of invisibility {unknown}
 m - a potion of curing {unknown}
 n - a potion of stabbing {unknown}
 o - a potion of haste {unknown}
 q - a potion of heal wounds {unknown}


   Skills:
 + Level 2.5 Dodging
 + Level 2.4 Stealth
 + Level 4.1 Spellcasting
 + Level 1.5 Conjurations
 + Level 1.1 Summonings
 + Level 1.0 Translocations


You had 3 spell levels left.
You knew the following spells:

 Your Spells              Type           Power        Failure   Level
a - Magic Dart            Conj           #...         10%         1
b - Blink                 Tloc           N/A          19%         2
c - Call Imp              Summ           #.......     17%         2
d - Conjure Flame         Conj/Fire      #.......     36%         3

Your spell library contained the following spells:

 Spells                   Type           Power        Failure   Level
 Slow                     Hex            #.......     26%         2
 Mephitic Cloud           Conj/Pois/Air  #.......     41%         3


Dungeon Overview and Level Annotations

Branches:
Dungeon (4/15)              Sewer (visited)
 Temple: D:4-7

Altars:


Message History

The magic dart hits the orc.
You kill the orc!
You now have 174 gold pieces (gained 9).
You see here an orc corpse.
Found a stone staircase leading down.
An ogre comes into view. It is wielding a +0 giant club.
An ogre is nearby!
As you open the door, it creaks loudly!
A centaur comes into view.
The centaur shouts!
You hear a shout!
The centaur wields a +0 shortbow.
The centaur shoots an arrow.
The arrow hits you!
Unknown command.
The centaur shoots an arrow.
The arrow hits you!
* * * LOW HITPOINT WARNING * * *
You see here an arrow.
Casting: Magic Dart (safe; 10% risk of failure)
Confirm with . or Enter, or press ? or * to list all spells.
You blink.
The centaur shoots an arrow.
The arrow hits you!
You die...

. ... #.# ... #c#####
#.#
...########.#...####.#
..........(.+........###
..>...O...#.#........†..
....?..§..#.........####
..........#.........#
..#.......#.........#
#....@..#.........#
#.......#.........#
#.......+.........#
#.......##........#
####+#####........#


You could see an ogre and a centaur.

Vanquished Creatures
  An adder (D:2)
  A leopard gecko (D:1)
  An orc (D:4)
  A giant cockroach (D:1)
  9 goblins
  5 hobgoblins
  3 ball pythons (D:3)
  13 bats
  4 frilled lizards
  3 kobolds
  6 rats
47 creatures vanquished.

Vanquished Creatures (collateral kills)
  An adder (D:2)
  A gnoll (D:2)
  A worm (D:2)
  An orc (D:3)
4 creatures vanquished.

Grand Total: 51 creatures vanquished

Notes
Turn   | Place    | Note
-------+----------+-------------------------------------------
     0 | D:1      | Gurkenglas the Human Hedge Wizard began the quest for the
                  | Orb.
     0 | D:1      | Reached XP level 1. HP: 13/13 MP: 4/4
   286 | D:1      | Reached XP level 2. HP: 18/19 MP: 0/6
   290 | D:1      | Learned a level 2 spell: Blink
   672 | D:1      | You fall into a shaft and drop 1 floor!
  1559 | D:2      | Reached XP level 3. HP: 24/24 MP: 4/8
  2177 | D:2      | Learned a level 2 spell: Call Imp
  2599 | D:2      | Reached XP level 4. HP: 30/30 MP: 3/9
  2642 | D:2      | Learned a level 3 spell: Conjure Flame
  3077 | D:3      | Found a glowing drain.
  3091 | Sewer    | Entered a sewer
  3109 | Sewer    | Reached skill level 4 in Spellcasting
  3259 | Sewer    | Noticed Purgy
  4395 | D:4      | Noticed an ogre
  4399 | D:4      | Noticed a centaur
  4404 | D:4      | Shot with an arrow by a centaur

Illustrated notes

Levels and vault maps discovered:
D:1:      lightli_arrival_windingriver, layout_loops_ring, minmay_fountain_box
D:2:      layout_loops_corners
D:3:      layout_rooms, cheibrodos_sewer_entry_sluice
D:4:      layout_basic, fedhas_bush_and_centaur_altar, serial_shops, shop_statue

Skill      XL: |  1  2  3  4 |
---------------+-------------+-----
Spellcasting   | 4 |  4.1
Dodging        | |  2.5
Stealth        | |  2.4
Conjurations   | |  1.5
Summonings     | |  1.1
Translocations | |  1.0

Action                   |  1- 3 |  4- 6 || total
-------------------------+-------+-------++-------
Melee: Dagger            |       |    17 ||    17
 Cast: Magic Dart        |    88 |    48 ||   136
       Blink             |     5 |     1 ||     6
       Call Imp          |     5 |     3 ||     8
       Conjure Flame     |       |     4 ||     4
Armor: Robe              |    16 |    18 ||    34
Dodge: Dodged            |    36 |    32 ||    68

Table legend: (Time is in decaauts)
 A = Elapsed time spent in this place.
 B = Non-inter-level travel time spent in this place.
 C = Inter-level travel time spent in this place.
 D = Time resting spent in this place.
 E = Time spent auto-exploring this place.
 F = Levels seen in this place.
 G = Mean time per level.
                   A        B        C        D        E       F      G
               +--------+--------+--------+--------+--------+-----+--------+
         Total |   4411 |   4322 |     89 |      0 |   3289 |   5 |  882.2 |
       Dungeon |   4174 |   4085 |     89 |      0 |   3156 |   4 | 1043.5 |
         Sewer |    236 |    236 |      0 |      0 |    133 |   1 |  236.0 |
               +--------+--------+--------+--------+--------+-----+--------+

Top non-repeatable levels by time:
     D:2: 2042 daAuts
     D:1: 1365 daAuts
     D:3: 559 daAuts
   Sewer: 236 daAuts
     D:4: 207 daAuts
